Map: Ulrena

Players

Grumm

  • Race: Protoss Protoss
  • League: Gold

Durza - Winner!

  • Race: Terran Terran
  • League: Gold

VOD

Have the link to the VOD?

Description

Time

  • Played on: Feb. 3, 2016, 3:46 p.m.
  • Length: 11:26
Show
View Real Time Build Order
Export as new Build Order

Grumm Protoss 

Build Orders: Nexus First 

Get SALT Encoding   

  12  0:35  Nexus  
  12  0:40  Probe (Chrono Boost)  
  13  0:51  Probe (Chrono Boost)  
  14  1:01  Pylon, Probe (Chrono Boost)  
  15  1:12  Assimilator  
  15  1:18  Assimilator  
  15  1:20  Probe (Chrono Boost)  
  16  1:30  Gateway  
  16  1:41  Forge  
  16  1:45  Probe (Chrono Boost)  
  17  1:55  Pylon  
  17  1:57  Probe (Chrono Boost)  
  17  2:10  Probe x2 (Chrono Boost)  
  19  2:22  Photon Cannon  
  19  2:31  Cybernetics Core  
  19  2:34  Probe (Chrono Boost)  
  21  3:08  Stalker (Chrono Boost)  
  21  3:10  Probe, Warp Gate (Chrono Boost)  
  22  3:19  Pylon  
  22  3:24  Photon Cannon  
  22  3:28  Probe  
  22  3:36  Pylon  
  22  3:45  Protoss Ground Weapons Level 1  
  22  4:14  Probe  
  23  4:19  Photon Cannon  
  23  4:21  Pylon, Stalker (Chrono Boost)  
  25  4:25  Probe  
  25  4:26  Probe  
  27  4:36  Assimilator  
  27  4:37  Mothership Core  
  29  4:39  Assimilator, Probe  
  30  4:48  Gateway  
  30  4:50  Gateway  
  30  4:51  Probe  
  31  4:58  Probe  
  32  5:22  Probe x2  
  32  5:34  Probe  
  33  5:35  Protoss Ground Armor Level 1  
  33  5:38  Robotics Facility  
  33  5:41  Pylon  
  33  5:45  Stargate  
  33  5:51  Probe x2  
  35  6:02  Stalker x2  
  35  6:03  Probe  
  35  6:04  Probe  
  39  6:08  Adept  
  41  6:26  Immortal (Chrono Boost)  
  45  6:34  Zealot x2  
  45  6:36  Sentry  
  51  6:44  Probe x2  
  53  6:51  Oracle  
  56  6:56  Probe x2  
  58  7:01  Pylon  
  58  7:15  Stalker x2  
  58  7:16  Stalker  
  63  7:39  Pylon  
  63  7:42  Stalker x2  
  63  7:43  Zealot  
  69  8:13  Zealot x3  
  75  8:22  Void Ray  
  75  8:23  Pylon  
  75  8:24  Immortal (Chrono Boost)  
  83  8:35  Probe x2  
  83  8:39  Stalker, Zealot  
  83  8:53  Stalker  
  77  9:10  Zealot x2  
  77  9:16  Void Ray  
  85  9:19  Immortal (Chrono Boost)  
  89  9:28  Robotics Bay  
  89  9:30  Pylon  
  81  10:10  Stalker x2  
  81  10:11  Stalker  
  51  10:35  Stalker  
  53  10:36  Zealot x2  
  46  10:59  Stalker x3  
Show
View Real Time Build Order
Export as new Build Order

Durza Terran - Winner!

Build Orders:  

Get SALT Encoding   

  12  0:01  SCV  
  13  0:13  SCV  
  14  0:18  Supply Depot  
  14  0:25  SCV  
  15  0:40  SCV  
  15  0:41  Barracks  
  16  0:48  Refinery  
  16  0:52  SCV  
  17  1:04  SCV  
  18  1:16  SCV  
  19  1:31  Reaper  
  20  1:34  Supply Depot  
  21  1:44  Orbital Command  
  20  2:14  SCV  
  22  2:17  Command Center  
  21  2:28  Barracks Reactor  
  21  2:33  Factory, SCV  
  21  3:10  SCV  
  21  3:12  Marine x2  
  24  3:22  SCV  
  25  3:34  SCV  
  25  3:36  Orbital Command  
  25  3:40  Marine x2  
  28  3:42  Barracks, Factory Tech Lab  
  28  3:46  Refinery  
  28  3:49  Barracks  
  28  3:50  Barracks  
  28  3:52  Barracks  
  28  4:17  SCV  
  28  4:23  SCV  
  30  4:31  Barracks Tech Lab  
  30  4:33  Siege Tank  
  33  4:42  Barracks Tech Lab, Barracks Reactor  
  33  4:43  Barracks Tech Lab  
  33  4:45  SCV x2  
  35  4:52  Engineering Bay  
  35  4:53  Marine x2  
  35  4:55  Marauder  
  35  4:57  SCV x2  
  40  5:20  SCV x2  
  41  5:31  Marine  
  41  5:32  Marine x3  
  45  5:39  Supply Depot  
  45  5:41  Marauder x3, Siege Tank  
  54  5:43  Supply Depot  
  54  5:44  Supply Depot  
  54  5:45  Supply Depot  
  54  5:46  Supply Depot  
  54  5:48  Supply Depot  
  52  6:04  SCV x2  
  52  6:08  Marine x3  
  52  6:09  Marine  
  58  6:13  Marauder  
  58  6:14  Marauder  
  58  6:16  Marauder, SCV  
  58  6:17  SCV  
  66  6:31  SCV  
  67  6:32  Command Center  
  67  6:33  SCV  
  67  6:36  Marine x2  
  67  6:37  Marine  
  71  6:43  Marine  
  71  6:47  Marauder x2  
  74  6:49  Marauder  
  74  6:52  Siege Tank  
  80  7:35  Marine x4  
  80  7:36  Marauder x3  
  90  7:46  Missile Turret  
  90  7:52  Orbital Command  
  90  7:54  Missile Turret  
  80  8:13  SCV x2  
  80  8:19  Combat Shields, Stimpack  
  82  8:20  Concussive Shells  
  82  8:21  Terran Infantry Weapons Level 1  
  82  8:22  Marine x3  
  82  8:23  Marauder, Marine  
  82  8:24  Marauder x2, Siege Tank  
  95  8:31  SCV  
  95  8:32  SCV x2  
  95  8:33  Starport  
  95  9:07  Marine x4  
  95  9:08  Marauder x3  
  105  9:10  SCV x3  
  108  9:20  Starport Reactor  
  108  9:23  Command Center  
  108  9:24  Siege Tank  
  109  9:45  Marine x2  
  109  9:46  Marine x2  
  109  9:47  Marauder x3  
  109  9:50  SCV x2  
  109  9:51  SCV  
  122  9:56  Siege Tank  
  70  10:57  Marine x3  
  70  10:58  Marine  
  70  10:59  Marauder x3  
  84  11:12  SCV x3  
  84  11:16  Barracks  
  81  11:19  Barracks  
  81  11:20  Barracks  
  81  11:22  Barracks  
  81  11:24  Barracks  
Tags
 
League
GoldGold
Matchup
PvT
Replay Pack
sc2 replays 2016
Add a new tag
Caveats
  • Supply blocks, unpowered buildings, or Contaminate may cause inaccurate times.
  • Supply counts are checked every 10 seconds.